[ AOE2 MATCH · #483699392 ]
Team RMHuns vs Koreans
[ REPLAY ANALYSIS · EXTRACTED FROM THE RECORDED GAME ]
Feudal
19:48
Castle
37:51
Imperial
—
| APM avg | 5.3 |
| APM peak | 19 |
| eAPM avg | 3.9 |
| Villagers / military | 47 / 9 |
Focus
⚔️ 15.3% · 🌾 84.7%
Militia ×8 · Monk ×1
Feudal
10:46
Castle
15:49
Imperial
32:26
| APM avg | 18.3 |
| APM peak | 48 |
| eAPM avg | 11.9 |
| Villagers / military | 119 / 32 |
Focus
⚔️ 16.2% · 🌾 83.8%
Trade Cart ×33 · Conquistador ×13 · Scorpion ×9 · Mangonel ×4 · Trebuchet (Packed) ×4 · Monk ×2
Feudal
11:22
Castle
14:59
Imperial
29:56
| APM avg | 42.6 |
| APM peak | 90 |
| eAPM avg | 19.8 |
| Villagers / military | 122 / 151 |
Focus
⚔️ 27.2% · 🌾 72.8%
Spearman ×74 · Hand Cannoneer ×32 · Skirmisher ×27 · Bombard Cannon ×9 · Hussite Wagon ×6 · Petard ×3
Feudal
11:04
Castle
18:39
Imperial
40:12
| APM avg | 13.4 |
| APM peak | 25 |
| eAPM avg | 8.5 |
| Villagers / military | 142 / 101 |
Focus
⚔️ 18.8% · 🌾 81.2%
War Wagon ×92 · Trebuchet (Packed) ×6 · Petard ×3
Feudal
10:31
Castle
16:05
Imperial
37:37
| APM avg | 21.0 |
| APM peak | 55 |
| eAPM avg | 11.8 |
| Villagers / military | 114 / 96 |
Focus
⚔️ 31.6% · 🌾 68.4%
Mangudai ×58 · Steppe Lancer ×27 · Petard ×8 · Trebuchet (Packed) ×2 · Scout Cavalry ×1
Feudal
10:06
Castle
18:19
Imperial
36:00
| APM avg | 35.0 |
| APM peak | 84 |
| eAPM avg | 16.6 |
| Villagers / military | 97 / 315 |
Focus
⚔️ 40.6% · 🌾 59.4%
Archer ×135 · Cavalry Archer ×93 · Skirmisher ×33 · Militia ×21 · Leitis ×13 · Trebuchet (Packed) ×12
Feudal
12:26
Castle
21:38
Imperial
42:06
| APM avg | 29.4 |
| APM peak | 70 |
| eAPM avg | 21.7 |
| Villagers / military | 195 / 205 |
Focus
⚔️ 32.7% · 🌾 67.3%
Militia ×159 · Spearman ×22 · Battering Ram ×13 · Konnik ×6 · Trebuchet (Packed) ×2 · Monk ×2
Feudal
12:17
Castle
16:30
Imperial
25:10
| APM avg | 34.6 |
| APM peak | 108 |
| eAPM avg | 16.7 |
| Villagers / military | 159 / 370 |
Focus
⚔️ 28.7% · 🌾 71.3%
Huskarl ×231 · Militia ×120 · Bombard Cannon ×9 · Spearman ×4 · Trebuchet (Packed) ×4 · Monk ×2
Match map
Initial resources + every placement click. Lines = walls · curves = elevation contours. ◆ gold · ⬟ stone · ● berries · ✦ relic · ◌ wall gap
Your base· Open — 8t gap
Nightmares's base· ✓ Closed at 15:49 · 0t walls · 3 gate(s)
TOPH's base· ✓ Closed at 14:59 · 0t walls · 2 gate(s)
tiirk's base· ✓ Closed at 18:39 · 0t walls · 3 gate(s)
leonardirijilloarc's base· ✓ Closed at 16:05 · 0t walls · 3 gate(s)
bLuStEr's base· ✓ Closed at 18:19 · 0t walls · 2 gate(s)
InnerFire's base· ✓ Closed at 21:38 · 0t walls · 2 gate(s)
NapoleonBonaparte241's base· ✓ Closed at 16:30 · 0t walls · 2 gate(s)
Smoothed initial terrain · ◌ = detected wall gap · hover for details
Inputs per minute
— SnubIntegral596 - - Nightmares
Build order — SnubIntegral596
109 actions detected in the replay
| 1:33 | Create | Villager (Male) |
| 1:33 | Create | Villager (Male) |
| 1:34 | Create | Villager (Male) |
| 1:34 | Create | Villager (Male) |
| 1:34 | Create | Villager (Male) |
| 2:13 | Research | Loom |
| 2:32 | Build | Lumber Camp |
| 3:09 | Create | Villager (Male) |
| 4:33 | Create | Villager (Male) |
| 4:33 | Create | Villager (Male) |
| 5:06 | Build | Mill |
| 5:44 | Create | Villager (Male) |
| 5:44 | Create | Villager (Male) |
| 5:44 | Create | Villager (Male) |
| 6:52 | Create | Villager (Male) |
| 7:17 | Create | Villager (Male) |
| 7:54 | Create | Villager (Male) |
| 8:40 | Build | Mining Camp |
| 8:45 | Create | Villager (Male) |
| 8:46 | Create | Villager (Male) |
| 9:12 | Create | Villager (Male) |
| 9:20 | Build | Mining Camp |
| 9:38 | Create | Villager (Male) |
| 9:55 | Build | Barracks |
| 10:13 | Create | Villager (Male) |
| 10:13 | Create | Villager (Male) |
| 10:14 | Create | Villager (Male) |
| 11:55 | Create | Villager (Male) |
| 11:55 | Create | Villager (Male) |
| 11:56 | Create | Villager (Male) |
| 11:56 | Create | Villager (Male) |
| 11:56 | Create | Villager (Male) |
| 11:56 | Create | Villager (Male) |
| 12:22 | Create | Villager (Male) |
| 12:39 | Build | Lumber Camp |
| 13:35 | Build | Farm |
| 13:43 | Build | Farm |
| 13:52 | Build | Farm |
| 13:56 | Build | Farm |
| 14:01 | Build | Farm |
| 14:10 | Build | Farm |
| 14:14 | Build | Farm |
| 14:18 | Build | Farm |
| 14:23 | Build | Farm |
| 14:27 | Build | Farm |
| 14:32 | Build | Farm |
| 14:36 | Build | Farm |
| 14:47 | Build | Farm |
| 15:11 | Create | Militia |
| 15:12 | Create | Militia |
| 15:12 | Create | Militia |
| 15:12 | Create | Militia |
| 15:12 | Create | Militia |
| 15:12 | Create | Militia |
| 15:13 | Create | Militia |
| 15:13 | Create | Militia |
| 15:43 | Create | Villager (Male) |
| 17:38 | Research | Feudal Age |
| 19:48 | Age | Feudal Age |
| 20:01 | Research | Stone Mining |
| 20:19 | Research | Horse Collar |
| 20:32 | Research | Double-Bit Axe |
| 20:55 | Research | Gold Mining |
| 21:08 | Research | Wheelbarrow |
| 21:08 | Research | Town Watch |
| 21:14 | Create | Villager (Male) |
| 23:32 | Build | Blacksmith |
| 24:25 | Create | Villager (Male) |
| 24:42 | Build | Market |
| 24:44 | Research | Padded Archer Armor |
| 24:45 | Research | Fletching |
| 24:47 | Research | Forging |
| 24:48 | Research | Scale Mail Armor |
| 24:49 | Research | Scale Barding Armor |
| 25:49 | Build | Archery Range |
| 32:05 | Build | Town Center |
| 35:08 | Build | Mill |
| 35:11 | Research | Castle Age |
| 35:28 | Create | Villager (Male) |
| 35:29 | Create | Villager (Male) |
| 35:30 | Create | Villager (Male) |
| 35:30 | Create | Villager (Male) |
| 35:30 | Create | Villager (Male) |
| 35:31 | Create | Villager (Male) |
| 35:31 | Create | Villager (Male) |
| 35:31 | Create | Villager (Male) |
| 35:31 | Create | Villager (Male) |
| 36:17 | Create | Villager (Male) |
| 37:51 | Age | Castle Age |
| 38:27 | Build | Blacksmith |
| 39:19 | Build | Market |
| 39:24 | Research | Leather Archer Armor |
| 39:42 | Build | Monastery |
| 40:28 | Create | Monk |
| 41:25 | Build | Watch Tower |
| 43:22 | Build | Watch Tower |
| 45:11 | Build | Stone Wall |
| 45:42 | Build | Lumber Camp |
| 46:53 | Research | Chain Barding Armor |
| 48:26 | Build | Stone Wall |
| 48:41 | Create | Villager (Male) |
| 48:42 | Create | Villager (Male) |
| 48:42 | Create | Villager (Male) |
| 48:43 | Create | Villager (Male) |
| 48:43 | Create | Villager (Male) |
| 48:43 | Create | Villager (Male) |
| 49:17 | Build | Stone Wall |
| 50:15 | Build | Lumber Camp |
| 52:17 | Build | Lumber Camp |
Build order — Nightmares
First 150 of 321 actions detected
| 0:01 | Create | Villager (Male) |
| 0:01 | Create | Villager (Male) |
| 0:01 | Create | Villager (Male) |
| 0:02 | Create | Villager (Male) |
| 0:04 | Build | House |
| 0:05 | Build | House |
| 1:35 | Create | Villager (Male) |
| 1:54 | Create | Villager (Male) |
| 2:14 | Build | Lumber Camp |
| 2:17 | Create | Villager (Male) |
| 2:17 | Create | Villager (Male) |
| 2:59 | Create | Villager (Male) |
| 2:59 | Create | Villager (Male) |
| 3:26 | Build | House |
| 3:48 | Create | Villager (Male) |
| 3:48 | Create | Villager (Male) |
| 4:18 | Create | Villager (Male) |
| 4:18 | Create | Villager (Male) |
| 4:18 | Create | Villager (Male) |
| 4:48 | Build | Mill |
| 5:11 | Create | Villager (Male) |
| 5:20 | Create | Villager (Male) |
| 5:39 | Create | Villager (Male) |
| 6:06 | Build | House |
| 6:36 | Build | Mining Camp |
| 6:49 | Create | Villager (Male) |
| 6:51 | Create | Villager (Male) |
| 6:51 | Create | Villager (Male) |
| 8:18 | Build | Farm |
| 8:19 | Build | Farm |
| 8:20 | Build | Farm |
| 8:36 | Research | Feudal Age |
| 9:00 | Research | Loom |
| 9:20 | Build | Farm |
| 9:21 | Build | Farm |
| 9:22 | Build | Farm |
| 9:34 | Build | Farm |
| 10:12 | Build | Farm |
| 10:46 | Age | Feudal Age |
| 10:48 | Create | Villager (Male) |
| 10:49 | Create | Villager (Male) |
| 11:31 | Build | Market |
| 11:56 | Create | Villager (Male) |
| 12:29 | Build | Blacksmith |
| 13:09 | Research | Castle Age |
| 13:21 | Build | House |
| 13:24 | Build | House |
| 13:25 | Build | House |
| 13:35 | Create | Villager (Male) |
| 13:35 | Create | Villager (Male) |
| 14:27 | Create | Villager (Male) |
| 14:43 | Build | Mining Camp |
| 15:49 | Age | Castle Age |
| 15:52 | Build | Town Center |
| 15:56 | Create | Villager (Male) |
| 15:56 | Create | Villager (Male) |
| 16:07 | Research | Stone Mining |
| 16:11 | Research | Double-Bit Axe |
| 16:48 | Build | Monastery |
| 16:55 | Create | Villager (Male) |
| 16:55 | Create | Villager (Male) |
| 16:56 | Create | Villager (Male) |
| 16:56 | Create | Villager (Male) |
| 16:56 | Create | Villager (Male) |
| 16:57 | Create | Villager (Male) |
| 16:59 | Create | Villager (Male) |
| 17:45 | Create | Villager (Male) |
| 17:45 | Create | Villager (Male) |
| 17:51 | Create | Monk |
| 17:52 | Create | Monk |
| 18:08 | Create | Villager (Male) |
| 18:27 | Build | Mining Camp |
| 19:02 | Build | Gate |
| 19:07 | Build | Stone Wall |
| 19:18 | Build | Farm |
| 19:23 | Build | Farm |
| 19:26 | Create | Villager (Male) |
| 19:27 | Create | Villager (Male) |
| 19:27 | Create | Villager (Male) |
| 19:27 | Create | Villager (Male) |
| 19:28 | Create | Villager (Male) |
| 19:33 | Create | Trade Cart |
| 19:33 | Create | Trade Cart |
| 19:37 | Create | Trade Cart |
| 19:52 | Create | Villager (Male) |
| 20:00 | Build | Farm |
| 20:01 | Build | Farm |
| 20:06 | Build | Farm |
| 20:12 | Build | House |
| 20:13 | Build | House |
| 20:22 | Build | House |
| 20:25 | Create | Villager (Male) |
| 20:27 | Create | Villager (Male) |
| 20:31 | Build | Farm |
| 20:46 | Build | Stone Wall |
| 21:07 | Build | Stone Wall |
| 21:34 | Build | Stone Wall |
| 21:42 | Build | Stone Wall |
| 21:46 | Create | Villager (Male) |
| 21:47 | Create | Villager (Male) |
| 21:47 | Create | Villager (Male) |
| 21:48 | Create | Villager (Male) |
| 21:48 | Create | Villager (Male) |
| 21:48 | Create | Villager (Male) |
| 21:48 | Create | Villager (Male) |
| 22:11 | Build | Mining Camp |
| 22:17 | Build | Stone Wall |
| 22:18 | Build | Stone Wall |
| 23:14 | Build | Mining Camp |
| 23:16 | Create | Villager (Male) |
| 23:17 | Create | Villager (Male) |
| 23:17 | Create | Villager (Male) |
| 23:17 | Create | Villager (Male) |
| 23:18 | Create | Villager (Male) |
| 23:18 | Create | Villager (Male) |
| 23:18 | Create | Villager (Male) |
| 23:38 | Build | Siege Workshop |
| 23:39 | Build | Siege Workshop |
| 24:26 | Build | Farm |
| 24:28 | Build | Farm |
| 24:29 | Build | Farm |
| 24:32 | Create | Mangonel |
| 24:32 | Create | Mangonel |
| 24:33 | Create | Mangonel |
| 24:33 | Create | Mangonel |
| 24:36 | Build | House |
| 24:39 | Build | House |
| 24:39 | Build | House |
| 24:40 | Build | House |
| 24:42 | Build | House |
| 24:44 | Build | House |
| 24:46 | Build | House |
| 25:01 | Build | University |
| 25:06 | Build | Stone Wall |
| 25:17 | Build | Stone Wall |
| 25:18 | Build | Stone Wall |
| 26:31 | Build | Stone Wall |
| 27:14 | Build | Castle |
| 27:36 | Create | Villager (Male) |
| 27:36 | Create | Villager (Male) |
| 27:37 | Create | Villager (Male) |
| 27:38 | Create | Villager (Male) |
| 28:28 | Create | Conquistador |
| 28:28 | Create | Conquistador |
| 28:28 | Create | Conquistador |
| 28:29 | Create | Conquistador |
| 28:29 | Create | Conquistador |
| 28:31 | Create | Conquistador |
| 28:40 | Build | Siege Workshop |
| 28:41 | Build | Siege Workshop |
Build order — TOPH
First 150 of 450 actions detected
| 0:01 | Create | Villager (Male) |
| 0:02 | Create | Villager (Male) |
| 0:02 | Create | Villager (Male) |
| 0:02 | Create | Villager (Male) |
| 0:04 | Build | House |
| 0:06 | Build | House |
| 1:35 | Create | Villager (Male) |
| 1:47 | Build | Lumber Camp |
| 2:06 | Create | Villager (Male) |
| 2:25 | Create | Villager (Male) |
| 2:45 | Create | Villager (Male) |
| 2:46 | Create | Villager (Male) |
| 3:06 | Create | Villager (Male) |
| 3:08 | Build | House |
| 4:00 | Create | Villager (Male) |
| 4:01 | Create | Villager (Male) |
| 4:05 | Build | Mill |
| 4:42 | Create | Villager (Male) |
| 5:15 | Create | Villager (Male) |
| 5:42 | Create | Villager (Male) |
| 5:43 | Create | Villager (Male) |
| 6:09 | Build | House |
| 6:24 | Create | Villager (Male) |
| 7:02 | Create | Villager (Male) |
| 7:03 | Create | Villager (Male) |
| 7:32 | Build | Mining Camp |
| 7:57 | Create | Villager (Male) |
| 8:05 | Create | Villager (Male) |
| 8:06 | Create | Villager (Male) |
| 8:41 | Research | Feudal Age |
| 9:31 | Create | Villager (Male) |
| 9:31 | Create | Villager (Male) |
| 9:38 | Build | House |
| 11:10 | Build | Farm |
| 11:10 | Build | Farm |
| 11:22 | Age | Feudal Age |
| 11:25 | Build | Blacksmith |
| 11:30 | Build | Market |
| 11:48 | Build | Mining Camp |
| 11:53 | Build | Farm |
| 11:58 | Research | Double-Bit Axe |
| 12:19 | Research | Castle Age |
| 12:47 | Build | Farm |
| 12:58 | Build | House |
| 13:00 | Build | House |
| 14:34 | Research | Double-Bit Axe |
| 14:59 | Age | Castle Age |
| 15:08 | Create | Villager (Male) |
| 15:08 | Create | Villager (Male) |
| 15:44 | Build | Castle |
| 15:57 | Create | Villager (Male) |
| 16:19 | Build | Barracks |
| 16:28 | Build | Farm |
| 16:28 | Build | Farm |
| 16:28 | Build | Farm |
| 16:31 | Build | Farm |
| 16:46 | Build | Town Center |
| 16:53 | Create | Villager (Male) |
| 16:54 | Create | Villager (Male) |
| 17:27 | Build | Archery Range |
| 17:33 | Build | Farm |
| 17:35 | Create | Villager (Male) |
| 17:45 | Create | Hussite Wagon |
| 17:46 | Create | Hussite Wagon |
| 17:46 | Create | Hussite Wagon |
| 18:16 | Create | Villager (Male) |
| 18:16 | Create | Villager (Male) |
| 18:23 | Build | Farm |
| 18:23 | Build | Farm |
| 18:35 | Build | Farm |
| 18:56 | Create | Villager (Male) |
| 19:11 | Research | Bow Saw |
| 19:12 | Create | Villager (Male) |
| 19:20 | Build | Farm |
| 19:24 | Create | Villager (Male) |
| 19:46 | Create | Villager (Male) |
| 19:46 | Create | Villager (Male) |
| 20:09 | Build | Farm |
| 20:09 | Build | Farm |
| 20:11 | Research | Horse Collar |
| 20:25 | Create | Villager (Male) |
| 20:31 | Build | Farm |
| 20:31 | Build | Farm |
| 20:35 | Build | Farm |
| 20:35 | Build | Farm |
| 20:44 | Build | Farm |
| 20:45 | Build | Farm |
| 20:46 | Build | Farm |
| 20:46 | Build | Farm |
| 20:47 | Build | Farm |
| 20:47 | Build | Farm |
| 21:24 | Create | Petard |
| 21:30 | Build | Farm |
| 21:31 | Create | Villager (Male) |
| 21:31 | Create | Villager (Male) |
| 21:38 | Build | Farm |
| 21:38 | Build | Farm |
| 21:39 | Build | Farm |
| 21:40 | Build | Farm |
| 21:40 | Build | Farm |
| 21:40 | Build | Farm |
| 21:41 | Build | Farm |
| 21:41 | Build | Farm |
| 21:41 | Build | Farm |
| 21:42 | Build | Farm |
| 21:44 | Create | Villager (Male) |
| 21:45 | Create | Villager (Male) |
| 22:14 | Research | Fletching |
| 22:20 | Build | Farm |
| 22:26 | Build | House |
| 22:27 | Build | House |
| 22:27 | Build | House |
| 22:28 | Build | House |
| 22:30 | Create | Villager (Male) |
| 22:31 | Create | Villager (Male) |
| 22:32 | Create | Villager (Male) |
| 22:55 | Create | Villager (Male) |
| 22:57 | Create | Villager (Male) |
| 22:58 | Create | Villager (Male) |
| 23:04 | Build | Farm |
| 23:05 | Build | Farm |
| 23:10 | Build | Farm |
| 23:10 | Build | Farm |
| 23:11 | Build | Farm |
| 23:18 | Research | Wheelbarrow |
| 23:35 | Create | Petard |
| 23:45 | Create | Petard |
| 23:48 | Create | Villager (Male) |
| 23:48 | Create | Villager (Male) |
| 24:19 | Build | House |
| 24:20 | Build | House |
| 24:20 | Build | House |
| 24:20 | Build | House |
| 24:21 | Create | Villager (Male) |
| 24:22 | Create | Villager (Male) |
| 24:29 | Build | Farm |
| 24:29 | Build | Farm |
| 24:29 | Build | Farm |
| 25:07 | Create | Villager (Male) |
| 25:08 | Create | Villager (Male) |
| 25:14 | Build | Archery Range |
| 25:23 | Build | Siege Workshop |
| 25:28 | Build | University |
| 25:30 | Create | Villager (Male) |
| 25:47 | Create | Villager (Male) |
| 25:53 | Build | Farm |
| 26:00 | Create | Villager (Male) |
| 26:05 | Build | House |
| 26:05 | Build | House |
| 26:06 | Build | House |
Build order — tiirk
First 150 of 268 actions detected
| 0:00 | Create | Villager (Male) |
| 0:01 | Create | Villager (Male) |
| 0:07 | Build | House |
| 0:10 | Build | House |
| 0:16 | Create | Villager (Male) |
| 0:17 | Create | Villager (Male) |
| 1:44 | Create | Villager (Male) |
| 1:45 | Create | Villager (Male) |
| 2:03 | Create | Villager (Male) |
| 2:03 | Create | Villager (Male) |
| 2:36 | Create | Villager (Male) |
| 2:37 | Create | Villager (Male) |
| 2:45 | Create | Villager (Male) |
| 2:46 | Create | Villager (Male) |
| 3:05 | Create | Villager (Male) |
| 3:06 | Create | Villager (Male) |
| 3:20 | Build | House |
| 3:49 | Create | Villager (Male) |
| 3:49 | Create | Villager (Male) |
| 3:50 | Create | Villager (Male) |
| 4:02 | Build | Lumber Camp |
| 4:13 | Create | Villager (Male) |
| 4:14 | Create | Villager (Male) |
| 5:01 | Create | Villager (Male) |
| 5:02 | Create | Villager (Male) |
| 5:02 | Create | Villager (Male) |
| 5:34 | Create | Villager (Male) |
| 5:34 | Create | Villager (Male) |
| 5:34 | Create | Villager (Male) |
| 5:35 | Create | Villager (Male) |
| 5:42 | Build | House |
| 6:01 | Create | Villager (Male) |
| 6:19 | Create | Villager (Male) |
| 6:20 | Create | Villager (Male) |
| 6:28 | Build | Mill |
| 6:51 | Build | Mining Camp |
| 7:43 | Create | Villager (Male) |
| 7:52 | Create | Villager (Male) |
| 8:53 | Research | Feudal Age |
| 9:47 | Build | Mining Camp |
| 10:14 | Build | Farm |
| 10:24 | Build | Farm |
| 10:50 | Build | Farm |
| 11:02 | Create | Villager (Male) |
| 11:03 | Create | Villager (Male) |
| 11:03 | Create | Villager (Male) |
| 11:04 | Age | Feudal Age |
| 11:13 | Build | House |
| 11:15 | Build | House |
| 11:24 | Research | Wheelbarrow |
| 11:45 | Create | Villager (Male) |
| 11:46 | Create | Villager (Male) |
| 12:24 | Create | Villager (Male) |
| 12:31 | Build | Farm |
| 12:32 | Build | Farm |
| 12:54 | Build | Blacksmith |
| 13:26 | Build | Market |
| 13:37 | Create | Villager (Male) |
| 13:37 | Create | Villager (Male) |
| 14:16 | Create | Villager (Male) |
| 15:08 | Create | Villager (Male) |
| 15:17 | Research | Loom |
| 15:24 | Build | House |
| 15:26 | Build | House |
| 15:42 | Research | Castle Age |
| 16:26 | Create | Villager (Male) |
| 16:26 | Create | Villager (Male) |
| 16:26 | Create | Villager (Male) |
| 18:11 | Create | Villager (Male) |
| 18:25 | Research | Fletching |
| 18:39 | Age | Castle Age |
| 18:45 | Build | Castle |
| 19:12 | Research | Bodkin Arrow |
| 19:34 | Research | Gold Mining |
| 19:48 | Build | Town Center |
| 20:12 | Build | Lumber Camp |
| 20:25 | Create | War Wagon ×3 |
| 20:25 | Create | War Wagon ×3 |
| 20:37 | Build | Barracks |
| 20:58 | Build | University |
| 21:08 | Create | Villager (Male) |
| 21:08 | Create | Villager (Male) |
| 21:09 | Create | Villager (Male) |
| 22:34 | Build | Stable |
| 22:35 | Create | Villager (Male) |
| 22:35 | Create | Villager (Male) |
| 22:35 | Create | Villager (Male) |
| 22:36 | Create | Villager (Male) |
| 22:36 | Create | Villager (Male) |
| 22:51 | Create | Villager (Male) |
| 22:52 | Create | Villager (Male) |
| 23:34 | Create | War Wagon |
| 23:34 | Create | War Wagon |
| 23:43 | Create | Villager (Male) |
| 23:43 | Create | Villager (Male) |
| 23:47 | Build | Farm |
| 23:49 | Build | Farm |
| 24:10 | Research | Horse Collar |
| 24:17 | Build | Farm |
| 24:18 | Build | Farm |
| 24:23 | Build | Farm |
| 24:30 | Build | Farm |
| 24:33 | Build | Farm |
| 24:35 | Create | Villager (Male) |
| 24:36 | Create | Villager (Male) |
| 24:54 | Build | Castle |
| 25:11 | Create | Villager (Male) |
| 25:12 | Create | Villager (Male) |
| 25:12 | Create | Villager (Male) |
| 25:13 | Create | Villager (Male) |
| 25:30 | Create | Villager (Male) |
| 25:31 | Create | Villager (Male) |
| 25:48 | Create | War Wagon |
| 25:48 | Create | War Wagon |
| 25:52 | Create | Villager (Male) |
| 25:53 | Create | Villager (Male) |
| 25:53 | Create | Villager (Male) |
| 26:11 | Build | Town Center |
| 26:40 | Build | Town Center |
| 27:48 | Create | Villager (Male) |
| 27:48 | Create | Villager (Male) |
| 27:49 | Create | Villager (Male) |
| 28:46 | Build | Gate |
| 30:17 | Create | Villager (Male) |
| 30:18 | Create | Villager (Male) |
| 30:18 | Create | Villager (Male) |
| 30:30 | Build | Town Center |
| 30:52 | Build | Farm |
| 30:59 | Create | Villager (Male) |
| 31:00 | Create | Villager (Male) |
| 31:00 | Create | Villager (Male) |
| 31:01 | Create | Villager (Male) |
| 31:31 | Build | Farm |
| 31:38 | Create | Villager (Male) |
| 31:39 | Create | Villager (Male) |
| 31:39 | Create | Villager (Male) |
| 32:41 | Build | Gate |
| 33:10 | Create | Villager (Male) |
| 33:10 | Create | Villager (Male) |
| 33:11 | Create | Villager (Male) |
| 33:16 | Build | Farm |
| 33:20 | Build | Farm |
| 33:28 | Research | Ballistics |
| 33:51 | Build | Town Center |
| 34:16 | Create | Petard |
| 34:17 | Create | Petard |
| 34:25 | Create | Petard |
| 34:35 | Research | Stone Mining |
| 34:41 | Research | Gold Shaft Mining |
| 34:49 | Build | Farm |
Build order — leonardirijilloarc
First 150 of 323 actions detected
| 0:03 | Create | Villager (Male) |
| 0:03 | Create | Villager (Male) |
| 0:05 | Build | House |
| 0:11 | Build | House |
| 0:25 | Create | Villager (Male) |
| 0:32 | Create | Villager (Male) |
| 0:33 | Create | Villager (Male) |
| 1:48 | Create | Villager (Male) |
| 1:48 | Create | Villager (Male) |
| 2:36 | Create | Villager (Male) |
| 2:37 | Create | Villager (Male) |
| 2:44 | Create | Villager (Male) |
| 2:44 | Create | Villager (Male) |
| 2:55 | Build | Lumber Camp |
| 3:26 | Build | House |
| 3:47 | Create | Villager (Male) |
| 3:53 | Create | Villager (Male) |
| 3:54 | Create | Villager (Male) |
| 4:10 | Create | Villager (Male) |
| 4:10 | Create | Villager (Male) |
| 4:23 | Create | Villager (Male) |
| 4:24 | Create | Villager (Male) |
| 4:24 | Create | Villager (Male) |
| 4:39 | Create | Villager (Male) |
| 4:50 | Build | Mill |
| 5:06 | Build | Mining Camp |
| 5:12 | Build | House |
| 5:19 | Create | Villager (Male) |
| 5:19 | Create | Villager (Male) |
| 5:45 | Create | Villager (Male) |
| 6:18 | Build | Mill |
| 6:41 | Create | Villager (Male) |
| 6:41 | Create | Villager (Male) |
| 7:09 | Create | Villager (Male) |
| 7:36 | Research | Loom |
| 7:59 | Research | Feudal Age |
| 8:37 | Build | House |
| 8:41 | Build | House |
| 8:42 | Build | House |
| 8:46 | Create | Villager (Male) |
| 9:49 | Build | Barracks |
| 10:28 | Create | Villager (Male) |
| 10:31 | Age | Feudal Age |
| 10:58 | Build | Market |
| 11:06 | Build | Blacksmith |
| 11:08 | Create | Villager (Male) |
| 11:51 | Create | Villager (Male) |
| 12:11 | Create | Villager (Male) |
| 12:15 | Build | Mining Camp |
| 12:47 | Create | Villager (Male) |
| 12:58 | Build | Farm |
| 13:25 | Research | Castle Age |
| 13:26 | Research | Castle Age |
| 13:33 | Build | Farm |
| 13:37 | Build | Farm |
| 13:40 | Build | Farm |
| 13:59 | Build | House |
| 14:09 | Build | Farm |
| 14:12 | Build | Farm |
| 14:34 | Research | Stone Mining |
| 14:36 | Research | Double-Bit Axe |
| 15:12 | Build | Farm |
| 15:17 | Build | Farm |
| 15:21 | Build | Farm |
| 15:26 | Build | Farm |
| 15:30 | Create | Villager (Male) |
| 16:02 | Research | Scale Barding Armor |
| 16:05 | Age | Castle Age |
| 16:12 | Build | University |
| 16:21 | Build | University |
| 16:29 | Create | Villager (Male) |
| 16:59 | Research | Bow Saw |
| 17:06 | Build | Farm |
| 17:12 | Create | Villager (Male) |
| 17:26 | Create | Villager (Male) |
| 17:35 | Build | Farm |
| 17:47 | Build | Farm |
| 18:08 | Research | Fletching |
| 18:11 | Create | Villager (Male) |
| 18:23 | Research | Horse Collar |
| 18:56 | Build | Castle |
| 18:59 | Create | Villager (Male) |
| 19:08 | Build | Stable |
| 19:19 | Build | House |
| 19:21 | Build | House |
| 19:23 | Build | House |
| 19:25 | Create | Villager (Male) |
| 19:25 | Create | Villager (Male) |
| 19:28 | Research | Padded Archer Armor |
| 20:04 | Create | Villager (Male) |
| 20:05 | Create | Villager (Male) |
| 20:08 | Research | Leather Archer Armor |
| 20:27 | Research | Bloodlines |
| 20:45 | Create | Villager (Male) |
| 21:11 | Create | Villager (Male) |
| 21:11 | Create | Villager (Male) |
| 21:30 | Build | Farm |
| 21:30 | Build | Farm |
| 21:31 | Build | Farm |
| 21:35 | Research | Gold Mining |
| 21:43 | Build | Mining Camp |
| 22:13 | Research | Ballistics |
| 22:13 | Research | Ballistics |
| 22:17 | Create | Villager (Male) |
| 22:17 | Create | Villager (Male) |
| 22:44 | Create | Mangudai |
| 22:57 | Create | Mangudai |
| 23:01 | Create | Villager (Male) |
| 23:08 | Research | Husbandry |
| 23:11 | Create | Mangudai |
| 23:33 | Build | Farm |
| 23:34 | Build | Farm |
| 23:38 | Create | Villager (Male) |
| 23:38 | Create | Villager (Male) |
| 24:02 | Research | Bodkin Arrow |
| 24:20 | Create | Mangudai |
| 24:29 | Create | Villager (Male) |
| 24:35 | Build | Farm |
| 24:37 | Create | Villager (Male) |
| 24:42 | Create | Mangudai |
| 25:05 | Create | Mangudai |
| 25:30 | Create | Mangudai |
| 25:52 | Create | Mangudai |
| 26:26 | Create | Mangudai |
| 26:28 | Create | Villager (Male) |
| 26:37 | Build | Archery Range |
| 27:13 | Build | Castle |
| 27:24 | Create | Mangudai |
| 27:29 | Create | Villager (Male) |
| 27:33 | Create | Villager (Male) |
| 28:23 | Create | Mangudai |
| 28:25 | Create | Mangudai |
| 28:28 | Create | Villager (Male) |
| 28:31 | Research | Chain Barding Armor |
| 28:35 | Research | Thumb Ring |
| 28:59 | Create | Villager (Male) |
| 28:59 | Create | Villager (Male) |
| 29:00 | Create | Villager (Male) |
| 29:11 | Build | Mining Camp |
| 29:13 | Create | Mangudai |
| 29:35 | Build | Mining Camp |
| 29:36 | Create | Villager (Male) |
| 29:37 | Create | Villager (Male) |
| 29:39 | Create | Mangudai |
| 29:51 | Create | Villager (Male) |
| 30:08 | Build | House |
| 30:09 | Build | House |
| 30:10 | Build | House |
| 30:14 | Build | House |
| 30:22 | Build | House |
Build order — bLuStEr
First 150 of 347 actions detected
| 0:01 | Create | Villager (Male) |
| 0:01 | Create | Villager (Male) |
| 0:03 | Build | House |
| 0:04 | Build | House |
| 0:41 | Create | Villager (Male) |
| 0:41 | Create | Villager (Male) |
| 1:30 | Create | Villager (Male) |
| 1:31 | Create | Villager (Male) |
| 1:43 | Create | Villager (Male) |
| 2:02 | Create | Villager (Male) |
| 2:42 | Create | Villager (Male) |
| 2:42 | Create | Villager (Male) |
| 3:16 | Research | Loom |
| 3:27 | Build | House |
| 3:30 | Create | Villager (Male) |
| 4:09 | Create | Villager (Male) |
| 4:09 | Create | Villager (Male) |
| 4:38 | Build | Lumber Camp |
| 4:40 | Create | Villager (Male) |
| 5:07 | Build | House |
| 5:08 | Build | House |
| 5:12 | Create | Villager (Male) |
| 5:30 | Build | Mill |
| 5:47 | Create | Villager (Male) |
| 6:09 | Create | Villager (Male) |
| 6:30 | Create | Villager (Male) |
| 6:57 | Build | Mill |
| 7:13 | Create | Villager (Male) |
| 7:24 | Build | House |
| 7:25 | Build | House |
| 7:29 | Create | Villager (Male) |
| 7:44 | Research | Feudal Age |
| 8:31 | Build | Lumber Camp |
| 9:26 | Build | Mining Camp |
| 9:49 | Create | Villager (Male) |
| 10:06 | Age | Feudal Age |
| 10:07 | Research | Double-Bit Axe |
| 10:09 | Research | Horse Collar |
| 10:13 | Create | Villager (Male) |
| 10:47 | Create | Villager (Male) |
| 11:11 | Create | Villager (Male) |
| 11:27 | Build | Farm |
| 11:28 | Build | Farm |
| 11:29 | Build | Farm |
| 11:33 | Build | Farm |
| 11:35 | Build | Farm |
| 11:38 | Build | Farm |
| 11:39 | Build | Farm |
| 11:42 | Create | Villager (Male) |
| 11:43 | Create | Villager (Male) |
| 12:02 | Build | Farm |
| 12:04 | Build | Farm |
| 12:16 | Create | Villager (Male) |
| 12:31 | Build | Farm |
| 12:48 | Create | Villager (Male) |
| 12:59 | Build | Farm |
| 13:06 | Build | Farm |
| 13:11 | Create | Villager (Male) |
| 13:36 | Build | Blacksmith |
| 13:39 | Create | Villager (Male) |
| 13:39 | Create | Villager (Male) |
| 14:04 | Build | House |
| 14:05 | Build | House |
| 14:06 | Build | House |
| 14:11 | Create | Villager (Male) |
| 14:42 | Build | Market |
| 14:46 | Create | Villager (Male) |
| 15:39 | Research | Castle Age |
| 15:39 | Research | Castle Age |
| 15:47 | Build | Barracks |
| 16:12 | Build | Lumber Camp |
| 16:18 | Build | Lumber Camp |
| 16:35 | Build | Lumber Camp |
| 16:58 | Build | Archery Range |
| 17:08 | Create | Spearman |
| 17:08 | Create | Spearman |
| 17:10 | Create | Spearman |
| 17:16 | Create | Militia |
| 17:16 | Create | Militia |
| 17:17 | Create | Militia |
| 18:10 | Create | Villager (Male) |
| 18:10 | Create | Villager (Male) |
| 18:19 | Age | Castle Age |
| 18:21 | Create | Villager (Male) |
| 18:34 | Build | Town Center |
| 18:54 | Build | Town Center |
| 19:00 | Research | Man-at-Arms (upgrade) |
| 19:22 | Build | House |
| 19:24 | Build | House |
| 19:24 | Build | House |
| 19:25 | Build | House |
| 19:28 | Research | Bow Saw |
| 19:29 | Research | Heavy Plow |
| 19:31 | Create | Villager (Male) |
| 19:32 | Create | Villager (Male) |
| 19:34 | Research | Gold Mining |
| 19:53 | Research | Long Swordsman (upgrade) |
| 20:08 | Research | Wheelbarrow |
| 20:14 | Create | Militia |
| 20:24 | Create | Villager (Male) |
| 20:26 | Research | Town Watch |
| 20:50 | Create | Villager (Male) |
| 21:00 | Build | House |
| 21:01 | Build | House |
| 21:01 | Build | House |
| 21:03 | Create | Villager (Male) |
| 21:03 | Create | Villager (Male) |
| 22:10 | Build | Town Center |
| 22:27 | Research | Hand Cart |
| 22:41 | Build | Farm |
| 22:42 | Build | Farm |
| 22:42 | Build | Farm |
| 22:42 | Build | Farm |
| 22:42 | Build | Farm |
| 22:43 | Build | Farm |
| 22:43 | Build | Farm |
| 22:43 | Build | Farm |
| 22:44 | Build | Farm |
| 22:44 | Build | Farm |
| 22:44 | Build | Farm |
| 22:44 | Build | Farm |
| 22:45 | Build | Farm |
| 22:45 | Build | Farm |
| 22:48 | Create | Villager (Male) |
| 22:48 | Create | Villager (Male) |
| 23:00 | Create | Villager (Male) |
| 23:06 | Create | Villager (Male) |
| 23:06 | Create | Villager (Male) |
| 23:38 | Create | Villager (Male) |
| 23:38 | Create | Villager (Male) |
| 23:42 | Create | Villager (Male) |
| 23:42 | Create | Villager (Male) |
| 23:48 | Create | Militia |
| 23:48 | Create | Militia |
| 23:57 | Create | Villager (Male) |
| 23:57 | Create | Villager (Male) |
| 24:03 | Create | Cavalry Archer ×5 |
| 24:22 | Build | Siege Workshop |
| 24:25 | Build | Siege Workshop |
| 24:33 | Create | Villager (Male) |
| 24:33 | Create | Villager (Male) |
| 24:36 | Create | Villager (Male) |
| 24:36 | Create | Villager (Male) |
| 24:38 | Create | Villager (Male) |
| 24:38 | Create | Villager (Male) |
| 24:41 | Create | Villager (Male) |
| 25:19 | Research | Elite Skirmisher (upgrade) |
| 25:26 | Build | Archery Range |
| 25:27 | Build | Archery Range |
| 25:30 | Create | Villager (Male) |
Build order — InnerFire
First 150 of 557 actions detected
| 0:02 | Create | Villager (Male) |
| 0:02 | Create | Villager (Male) |
| 0:02 | Create | Villager (Male) |
| 0:04 | Build | House |
| 0:05 | Build | House |
| 0:14 | Create | Villager (Male) |
| 1:36 | Create | Villager (Male) |
| 1:36 | Create | Villager (Male) |
| 2:01 | Create | Villager (Male) |
| 2:01 | Create | Villager (Male) |
| 2:10 | Build | Lumber Camp |
| 2:27 | Create | Villager (Male) |
| 2:27 | Create | Villager (Male) |
| 2:48 | Create | Villager (Male) |
| 2:48 | Create | Villager (Male) |
| 3:20 | Create | Villager (Male) |
| 3:20 | Create | Villager (Male) |
| 3:58 | Build | House |
| 3:59 | Build | House |
| 4:05 | Create | Villager (Male) |
| 4:06 | Create | Villager (Male) |
| 4:39 | Create | Villager (Male) |
| 4:39 | Create | Villager (Male) |
| 4:39 | Create | Villager (Male) |
| 5:05 | Create | Villager (Male) |
| 5:06 | Create | Villager (Male) |
| 5:06 | Create | Villager (Male) |
| 5:19 | Build | House |
| 5:20 | Build | House |
| 5:41 | Research | Loom |
| 5:51 | Create | Villager (Male) |
| 5:52 | Create | Villager (Male) |
| 6:21 | Create | Villager (Male) |
| 6:21 | Create | Villager (Male) |
| 6:21 | Create | Villager (Male) |
| 6:26 | Build | House |
| 6:26 | Build | House |
| 6:31 | Build | House |
| 6:32 | Build | House |
| 6:33 | Build | House |
| 6:48 | Create | Villager (Male) |
| 6:48 | Create | Villager (Male) |
| 7:36 | Create | Villager (Male) |
| 7:36 | Create | Villager (Male) |
| 7:36 | Create | Villager (Male) |
| 7:56 | Create | Villager (Male) |
| 7:56 | Create | Villager (Male) |
| 8:00 | Build | Mill |
| 8:16 | Create | Villager (Male) |
| 8:16 | Create | Villager (Male) |
| 9:04 | Build | Mining Camp |
| 9:09 | Build | Mining Camp |
| 9:13 | Create | Villager (Male) |
| 9:45 | Build | Lumber Camp |
| 9:51 | Research | Feudal Age |
| 10:29 | Build | Farm |
| 10:44 | Build | Farm |
| 10:58 | Build | Farm |
| 11:51 | Build | Barracks |
| 12:22 | Create | Villager (Male) |
| 12:22 | Create | Villager (Male) |
| 12:26 | Age | Feudal Age |
| 12:30 | Research | Double-Bit Axe |
| 12:33 | Research | Horse Collar |
| 12:39 | Build | Farm |
| 12:39 | Build | Farm |
| 12:43 | Create | Villager (Male) |
| 12:43 | Create | Villager (Male) |
| 12:48 | Create | Spearman |
| 12:48 | Create | Spearman |
| 12:57 | Create | Spearman |
| 12:57 | Create | Spearman |
| 12:57 | Create | Spearman |
| 13:22 | Build | Farm |
| 13:30 | Create | Villager (Male) |
| 14:01 | Create | Spearman |
| 14:01 | Create | Spearman |
| 14:01 | Create | Spearman |
| 14:09 | Build | Farm |
| 14:15 | Build | Farm |
| 14:16 | Build | Farm |
| 14:17 | Build | Blacksmith |
| 14:21 | Create | Villager (Male) |
| 14:21 | Create | Villager (Male) |
| 14:26 | Create | Spearman |
| 14:27 | Create | Spearman |
| 14:50 | Build | Farm |
| 14:51 | Build | Farm |
| 14:52 | Build | Farm |
| 14:58 | Create | Villager (Male) |
| 14:58 | Create | Villager (Male) |
| 15:43 | Build | Farm |
| 15:45 | Build | Farm |
| 15:46 | Build | Farm |
| 15:50 | Build | Farm |
| 15:51 | Create | Villager (Male) |
| 16:03 | Build | Farm |
| 16:04 | Build | Farm |
| 16:05 | Build | Farm |
| 16:37 | Research | Wheelbarrow |
| 16:43 | Build | Farm |
| 16:45 | Build | Farm |
| 16:52 | Build | Farm |
| 16:52 | Build | Farm |
| 16:53 | Build | Farm |
| 16:55 | Create | Villager (Male) |
| 16:56 | Create | Villager (Male) |
| 17:00 | Build | Farm |
| 18:08 | Build | Stable |
| 18:12 | Build | House |
| 18:13 | Build | House |
| 18:13 | Build | House |
| 18:15 | Build | House |
| 18:16 | Build | House |
| 18:16 | Build | House |
| 18:58 | Research | Castle Age |
| 18:58 | Research | Castle Age |
| 19:10 | Research | Gold Mining |
| 19:10 | Research | Gold Mining |
| 19:13 | Create | Militia |
| 19:13 | Create | Militia |
| 20:34 | Create | Militia |
| 20:34 | Create | Militia |
| 20:51 | Build | Mining Camp |
| 21:08 | Build | Mining Camp |
| 21:20 | Create | Spearman |
| 21:21 | Create | Militia |
| 21:21 | Create | Militia |
| 21:21 | Create | Spearman |
| 21:21 | Create | Militia |
| 21:21 | Create | Spearman |
| 21:21 | Create | Militia |
| 21:24 | Create | Spearman |
| 21:24 | Create | Militia |
| 21:24 | Create | Militia |
| 21:24 | Create | Spearman |
| 21:29 | Build | Farm |
| 21:38 | Age | Castle Age |
| 21:41 | Build | House |
| 21:42 | Build | House |
| 21:46 | Build | Town Center |
| 21:56 | Build | Siege Workshop |
| 21:59 | Research | Stone Mining |
| 22:00 | Research | Gold Shaft Mining |
| 22:06 | Create | Villager (Male) |
| 22:06 | Create | Villager (Male) |
| 22:06 | Create | Villager (Male) |
| 22:10 | Build | Town Center |
| 22:14 | Research | Forging |
| 22:22 | Research | Pikeman (upgrade) |
Build order — NapoleonBonaparte241
First 150 of 441 actions detected
| 0:01 | Create | Villager (Male) |
| 0:01 | Create | Villager (Male) |
| 0:02 | Create | Villager (Male) |
| 0:02 | Create | Villager (Male) |
| 0:02 | Create | Villager (Male) |
| 0:04 | Build | House |
| 0:05 | Build | House |
| 1:25 | Create | Villager (Male) |
| 1:25 | Create | Villager (Male) |
| 1:25 | Create | Villager (Male) |
| 1:55 | Build | Lumber Camp |
| 2:10 | Create | Villager (Male) |
| 2:11 | Create | Villager (Male) |
| 2:11 | Create | Villager (Male) |
| 2:11 | Create | Villager (Male) |
| 2:20 | Create | Villager (Male) |
| 2:20 | Create | Villager (Male) |
| 2:21 | Create | Villager (Male) |
| 2:50 | Create | Villager (Male) |
| 2:50 | Create | Villager (Male) |
| 2:50 | Create | Villager (Male) |
| 2:50 | Create | Villager (Male) |
| 3:04 | Create | Villager (Male) |
| 3:04 | Create | Villager (Male) |
| 3:04 | Create | Villager (Male) |
| 3:34 | Build | Mill |
| 3:37 | Create | Villager (Male) |
| 3:37 | Create | Villager (Male) |
| 3:37 | Create | Villager (Male) |
| 3:37 | Create | Villager (Male) |
| 3:53 | Build | House |
| 3:56 | Create | Villager (Male) |
| 3:57 | Create | Villager (Male) |
| 3:57 | Create | Villager (Male) |
| 4:24 | Create | Villager (Male) |
| 4:25 | Create | Villager (Male) |
| 4:25 | Create | Villager (Male) |
| 4:39 | Create | Villager (Male) |
| 4:39 | Create | Villager (Male) |
| 4:40 | Create | Villager (Male) |
| 4:40 | Create | Villager (Male) |
| 5:10 | Create | Villager (Male) |
| 5:10 | Create | Villager (Male) |
| 5:10 | Create | Villager (Male) |
| 5:17 | Build | Lumber Camp |
| 5:20 | Build | House |
| 5:23 | Create | Villager (Male) |
| 5:23 | Create | Villager (Male) |
| 5:23 | Create | Villager (Male) |
| 5:24 | Create | Villager (Male) |
| 5:43 | Create | Villager (Male) |
| 5:43 | Create | Villager (Male) |
| 5:44 | Create | Villager (Male) |
| 5:44 | Create | Villager (Male) |
| 5:59 | Create | Villager (Male) |
| 5:59 | Create | Villager (Male) |
| 6:00 | Create | Villager (Male) |
| 6:13 | Create | Villager (Male) |
| 6:13 | Create | Villager (Male) |
| 6:32 | Research | Loom |
| 6:33 | Create | Villager (Male) |
| 6:33 | Create | Villager (Male) |
| 6:37 | Create | Villager (Male) |
| 7:21 | Create | Villager (Male) |
| 7:21 | Create | Villager (Male) |
| 7:21 | Create | Villager (Male) |
| 7:41 | Create | Villager (Male) |
| 7:50 | Build | House |
| 8:22 | Create | Villager (Male) |
| 9:20 | Create | Villager (Male) |
| 9:47 | Build | Mining Camp |
| 9:56 | Research | Feudal Age |
| 10:36 | Create | Villager (Male) |
| 10:37 | Create | Villager (Male) |
| 11:03 | Build | Farm |
| 11:07 | Build | Farm |
| 11:13 | Build | Farm |
| 11:20 | Build | Farm |
| 11:36 | Build | Farm |
| 11:41 | Create | Villager (Male) |
| 12:17 | Age | Feudal Age |
| 12:22 | Build | Blacksmith |
| 12:24 | Build | Market |
| 12:37 | Build | Farm |
| 12:44 | Build | Farm |
| 12:50 | Build | Farm |
| 12:54 | Build | Farm |
| 12:58 | Build | Farm |
| 13:18 | Build | Farm |
| 13:24 | Build | Farm |
| 13:50 | Research | Castle Age |
| 13:50 | Research | Castle Age |
| 13:58 | Research | Double-Bit Axe |
| 14:01 | Research | Horse Collar |
| 14:28 | Create | Villager (Male) |
| 14:28 | Create | Villager (Male) |
| 14:39 | Build | House |
| 14:43 | Build | House |
| 14:48 | Build | Barracks |
| 15:02 | Research | Forging |
| 15:07 | Research | Forging |
| 15:22 | Build | Farm |
| 15:28 | Build | Farm |
| 16:00 | Create | Villager (Male) |
| 16:30 | Age | Castle Age |
| 16:37 | Build | Town Center |
| 16:40 | Create | Villager (Male) |
| 16:46 | Create | Spearman |
| 16:46 | Create | Spearman |
| 17:00 | Build | Monastery |
| 17:02 | Build | House |
| 17:05 | Create | Villager (Male) |
| 17:21 | Create | Spearman |
| 17:32 | Create | Spearman |
| 17:48 | Create | Monk |
| 17:50 | Create | Monk |
| 17:57 | Create | Villager (Male) |
| 17:58 | Create | Villager (Male) |
| 17:58 | Create | Villager (Male) |
| 18:01 | Create | Villager (Male) |
| 18:22 | Build | House |
| 18:27 | Create | Villager (Male) |
| 18:54 | Create | Villager (Male) |
| 18:54 | Create | Villager (Male) |
| 18:54 | Create | Villager (Male) |
| 19:05 | Build | Farm |
| 19:09 | Build | Farm |
| 19:14 | Build | Farm |
| 19:16 | Create | Villager (Male) |
| 20:11 | Create | Villager (Male) |
| 20:12 | Create | Villager (Male) |
| 20:13 | Create | Villager (Male) |
| 20:14 | Create | Villager (Male) |
| 20:21 | Build | House |
| 20:23 | Build | House |
| 20:24 | Build | House |
| 21:00 | Create | Villager (Male) |
| 21:01 | Create | Villager (Male) |
| 21:06 | Build | Farm |
| 21:13 | Build | University |
| 22:00 | Research | Imperial Age |
| 22:03 | Research | Wheelbarrow |
| 22:10 | Build | Town Center |
| 22:19 | Build | Mining Camp |
| 22:32 | Create | Villager (Male) |
| 22:33 | Create | Villager (Male) |
| 22:33 | Create | Villager (Male) |
| 23:13 | Create | Villager (Male) |
| 23:13 | Create | Villager (Male) |
| 23:14 | Create | Villager (Male) |
Match timeline
| 9:49 | leonardirijilloarc · first_building Barracks |
| 9:55 | SnubIntegral596 · first_building Barracks |
| 10:06 | bLuStEr · age_up feudal |
| 10:31 | leonardirijilloarc · age_up feudal |
| 10:46 | Nightmares · age_up feudal |
| 11:04 | tiirk · age_up feudal |
| 11:22 | TOPH · age_up feudal |
| 11:51 | InnerFire · first_building Barracks |
| 12:17 | NapoleonBonaparte241 · age_up feudal |
| 12:26 | InnerFire · age_up feudal |
| 14:48 | NapoleonBonaparte241 · first_building Barracks |
| 14:59 | TOPH · age_up castle |
| 15:39 | tiirk · first_market_buy 100 food |
| 15:44 | TOPH · first_building Castle |
| 15:47 | bLuStEr · first_building Barracks |
| 15:49 | Nightmares · age_up castle |
| 16:05 | leonardirijilloarc · age_up castle |
| 16:19 | TOPH · first_building Barracks |
| 16:30 | NapoleonBonaparte241 · age_up castle |
| 16:38 | TOPH · first_market_buy 100 stone |
| 16:48 | Nightmares · first_building Monastery |
| 16:58 | bLuStEr · first_building Archery Range |
| 17:00 | NapoleonBonaparte241 · first_building Monastery |
| 17:27 | TOPH · first_building Archery Range |
| 18:08 | InnerFire · first_building Stable |
| 18:19 | bLuStEr · age_up castle |
| 18:39 | tiirk · age_up castle |
| 18:45 | tiirk · first_building Castle |
| 18:56 | leonardirijilloarc · first_building Castle |
| 19:07 | Nightmares · wall_segment Stone Wall x11 |
| 19:08 | leonardirijilloarc · first_building Stable |
| 19:48 | SnubIntegral596 · age_up feudal |
| 20:37 | tiirk · first_building Barracks |
| 20:46 | Nightmares · wall_segment Stone Wall x1 |
| 21:07 | Nightmares · wall_segment Stone Wall x1 |
| 21:34 | Nightmares · wall_segment Stone Wall x9 |
| 21:38 | InnerFire · age_up castle |
| 21:42 | Nightmares · wall_segment Stone Wall x3 |
| 21:56 | InnerFire · first_building Siege Workshop |
| 22:17 | Nightmares · wall_segment Stone Wall x1 |
| 22:18 | Nightmares · wall_segment Stone Wall x1 |
| 22:27 | NapoleonBonaparte241 · first_market_buy 100 wood |
| 22:34 | tiirk · first_building Stable |
| 23:38 | Nightmares · first_building Siege Workshop |
| 23:49 | leonardirijilloarc · first_market_buy 100 wood |
| 23:58 | leonardirijilloarc · first_market_sell 100 food |
| 24:22 | bLuStEr · first_building Siege Workshop |
| 25:06 | Nightmares · wall_segment Stone Wall x1 |
| 25:10 | NapoleonBonaparte241 · age_up imperial |
| 25:17 | Nightmares · wall_segment Stone Wall x1 |
| 25:18 | Nightmares · wall_segment Stone Wall x1 |
| 25:23 | TOPH · first_building Siege Workshop |
| 25:49 | SnubIntegral596 · first_building Archery Range |
| 26:31 | Nightmares · wall_segment Stone Wall x1 |
| 26:37 | leonardirijilloarc · first_building Archery Range |
| 27:06 | Nightmares · first_market_buy 100 stone |
| 27:14 | Nightmares · first_building Castle |
| 27:41 | bLuStEr · wall_segment Stone Wall x1 |
| 28:31 | NapoleonBonaparte241 · first_building Castle |
| 29:56 | TOPH · age_up imperial |
| 30:30 | InnerFire · first_building Castle |
| 31:03 | TOPH · first_market_sell 100 food |
| 31:10 | bLuStEr · first_building Castle |
| 32:26 | Nightmares · age_up imperial |
| 35:54 | Nightmares · first_building Barracks |
| 36:00 | bLuStEr · age_up imperial |
| 37:25 | Nightmares · first_building Archery Range |
| 37:37 | leonardirijilloarc · age_up imperial |
| 37:51 | SnubIntegral596 · age_up castle |
| 39:42 | SnubIntegral596 · first_building Monastery |
| 40:12 | tiirk · age_up imperial |
| 42:06 | InnerFire · age_up imperial |
| 42:12 | TOPH · wall_segment Stone Wall x31 |
| 45:11 | SnubIntegral596 · wall_segment Stone Wall x24 |
| 46:15 | InnerFire · first_building Krepost |
| 48:26 | SnubIntegral596 · wall_segment Stone Wall x7 |
| 49:17 | SnubIntegral596 · wall_segment Stone Wall x27 |
| 49:41 | TOPH · wall_segment Stone Wall x10 |
| 49:55 | NapoleonBonaparte241 · first_building Siege Workshop |
| 50:03 | leonardirijilloarc · wall_segment Stone Wall x1 |
| 51:25 | TOPH · wall_segment Stone Wall x19 |
| 51:52 | InnerFire · first_building Monastery |
| 57:43 | leonardirijilloarc · resign |
[ AI ANALYSIS · 1 CREDIT ]
What really happened in this match?
Wolo.gg analyzes every decision: build order, eco, micro, common mistakes by bracket. Personalized analysis on WhatsApp or Discord in 30 seconds.
Civ guide
Huns
Map guide
Arena
Perfil
Jugador #15129849